 Dungeon Crawl Stone Soup version 0.21-a0-476-gd103f4b (webtiles) character file.

5027 KristoblXynda the Thrower (level 10, 0/79 HPs)
             Began as a Tengu Hunter on Nov 22, 2017.
             Was a Priest of Okawaru.
             Killed by divine providence
             ... invoked by an orc priest
              (8 damage)
             ... on level 8 of the Dungeon.
             The game lasted 00:24:23 (8957 turns).

KristoblXynda the Thrower (Tengu Hunter)            Turns: 8957, Time: 00:24:24

Health: 0/79       AC: 25    Str: 15    XL:     10   Next: 55%
Magic:  9/23       EV:  2    Int: 11    God:    Okawaru [***...]
Gold:   429        SH:  0    Dex: 16    Spells: 9/9 levels left

rFire    . . .     SeeInvis +   r - +1 spear (venom)
rCold    . . .     Gourm    +   (no shield)
rNeg     + + +     Faith    .   (armour currently unavailable)
rPois    +         Spirit   .   (helmet currently unavailable)
rElec    .         Reflect  .   (cloak currently unavailable)
rCorr    .         Harm     .   (gloves currently unavailable)
MR       .....     NoTele   +   (boots unavailable)
Stlth    ++++......             H - amulet of the gourmand
HPRegen  0.23/turn              n - ring of see invisible
MPRegen  0.18/turn              z - ring of magical power

@: tree-form
A: able to fly 1
a: Fly, Heroism, Renounce Religion


You were on level 8 of the Dungeon.
You worshipped Okawaru.
Okawaru was most pleased with you.
You were completely stuffed.
You were a tree.
You visited 2 branches of the dungeon, and saw 9 of its levels.

You collected 429 gold pieces.

Inventory:

Hand Weapons
 r - a +1 spear of venom (weapon)
 C - a +0 vampiric trident
Missiles
 c - 4 javelins (quivered)
 d - 8 throwing nets
Armour
 a - a +0 ring mail (melded)
 m - a +0 cloak
 x - a scarf of spirit shield (melded)
 y - the +0 shield of Resilience {rF- rC- Regen+ Slay+4}
   (You found it on level 4 of the Dungeon)

   It affects your accuracy and damage with ranged weapons and melee attacks
   (+4).
   It makes you vulnerable to fire.
   It makes you vulnerable to cold.
   It increases your rate of regeneration.
Jewellery
 l - a +3 ring of strength
 n - a ring of see invisible (left branch)
 w - an uncursed ring of protection from cold
 z - a ring of magical power (right branch)
 H - an amulet of the gourmand (around neck)
Wands
 b - a wand of disintegration (20)
 D - a wand of flame (14)
Scrolls
 g - 4 scrolls of amnesia
 i - 3 scrolls of blinking
 j - 2 scrolls of remove curse
 s - 3 scrolls of fear
 v - 3 scrolls of teleportation
 E - 2 scrolls of fog
 I - 3 scrolls of immolation
 J - 3 scrolls of random uselessness {unknown}
 K - a scroll of identify
Potions
 e - a potion of agility
 h - 3 potions of mutation
 k - 2 potions of flight
 p - a potion of magic {unknown}
 u - 2 potions of curing
 A - a potion of heal wounds
 B - a potion of cancellation
 F - a potion of ambrosia {unknown}
 G - a potion of might {unknown}
Comestibles
 f - 6 bread rations
 o - 3 meat rations
 t - 5 royal jellies


   Skills:
 - Level 2.0 Fighting
 - Level 5.1 Polearms
 + Level 8.8 Throwing
 - Level 4.1 Armour
 - Level 6.0 Dodging
 + Level 8.5 Stealth
 + Level 3.5 Invocations
 + Level 5.3 Evocations


You had 9 spell levels left.
You didn't know any spells.

Dungeon Overview and Level Annotations

Branches:
Dungeon (8/15)             Temple (1/1) D:6
   Lair: D:8-11

Altars:
Ashenzari
Cheibriados
Dithmenos
Elyvilon
Fedhas
Gozag
Hepliaklqana
Kikubaaqudgha
Makhleb
Nemelex Xobeh
Okawaru
Qazlal
Ru
Sif Muna
Trog
Uskayaw
Vehumet
Wu Jian
Xom
Yredelemnul
Zin
The Shining One

Shops:
D:5 :%   D:7 :

Annotations:
D:4 1 runed door


Innate Abilities, Weirdness & Mutations

((You have a beak for a mouth.))
((You have claws for feet.))
You can fly.


Message History

Okawaru accepts your kill.
Things that are here:
a whip; a hand axe Unknown command.
The orc hits you with a mace.
* * * LOW HITPOINT WARNING * * *
You turn into a tree.
Your scarf of spirit shield melds into your body.
Your +0 ring mail melds into your body.
You feel strangely alone.
Your roots penetrate the ground.
The orc hits you but does no damage.
Unknown command.
You hit the orc but do no damage.
The orc is poisoned.
The orc priest calls down the wrath of Beogh upon you.
Beogh smites you!
* * * LOW HITPOINT WARNING * * *
You hear a shout!
You closely miss the orc. The orc hits you but does no damage.
The orc priest mumbles some strange prayers to Beogh against you.
Beogh smites you!
You die... ########### #....).)).# #.#######♣# #### #)# #o# ...# ##)# oo#

...####..#
o###
...##...## .o
...#..#### ..
....)##..#
...
...##...##...
......###


You could see an orc priest and 4 orcs.

Vanquished Creatures
  Prince Ribbit (D:6)
  A hippogriff (D:8)
  Grinder (D:6)
  Sigmund (D:6)
  A human (D:7)
  4 hogs (D:7)
  Edmund (D:6)
  Duvessa (D:6)
  3 orc warriors
  3 ice beasts
  3 necrophages (D:7)
  4 centaurs
  4 ogres
  A bullfrog (D:6)
  Dowan (D:6)
  The ghost of Soeti the Skirmisher, a weakling DsMo (D:3)
  2 vampire bats (D:3)
  A howler monkey (D:4)
  9 crimson imps
  A bullfrog zombie (D:7)
  A quasit (D:6)
  A centaur zombie (D:7)
  2 hounds (D:4)
  An orc priest (D:3)
  14 orc wizards
  3 centaur skeletons
  An iguana (D:6)
  3 worker ants
  A hound zombie (D:5)
  3 hound skeletons
  2 worker ant zombies
  Robin (D:2)
  14 gnolls
  A howler monkey zombie (D:3)
  14 adders
  2 shadow imps
  An ooze (D:1)
  An adder skeleton (D:5)
  6 worms
  5 dart slugs
  6 leopard geckos
  31 orcs
  3 ball pythons
  15 bats
  7 giant cockroaches
  6 hobgoblins
  7 jackals
  8 kobolds
  5 quokkas
  5 frilled lizards
  21 goblins
  A jackal skeleton (D:6)
  3 leopard gecko zombies (D:7)
  2 quokka skeletons
  A quokka zombie (D:7)
  11 rats
  2 bushes (D:7)
  A butterfly (D:6)
256 creatures vanquished.

Vanquished Creatures (others)
  A jackal (D:8)
  5 plants (D:7)
6 creatures vanquished.

Grand Total: 262 creatures vanquished

Notes
Turn   | Place    | Note
-------+----------+-------------------------------------------
     0 | D:1      | KristoblXynda the Tengu Hunter began the quest for the Orb.
     0 | D:1      | Reached XP level 1. HP: 12/12 MP: 2/2
   296 | D:1      | Reached XP level 2. HP: 17/17 MP: 3/3
   645 | D:1      | Reached XP level 3. HP: 20/21 MP: 4/4
  1060 | D:2      | Found a sacrificial altar of Ru.
  1069 | D:2      | Reached XP level 4. HP: 20/26 MP: 5/5
  1089 | D:2      | Found a shimmering altar of Xom.
  1584 | D:2      | Reached skill level 1 in Armour
  1867 | D:2      | Noticed Robin
  1894 | D:2      | Killed Robin
  1954 | D:2      | Gained mutation: You can fly. [Tengu growth]
  1954 | D:2      | Reached XP level 5. HP: 29/30 MP: 6/6
  2237 | D:2      | Found a white marble altar of Elyvilon.
  2388 | D:3      | Noticed Soeti's ghost (weakling DsMo)
  2422 | D:3      | Reached skill level 1 in Polearms
  2581 | D:3      | Reached skill level 5 in Throwing
  2643 | D:3      | Reached XP level 6. HP: 14/35 MP: 7/7
  3118 | D:3      | Found a glowing golden altar of the Shining One.
  3146 | D:3      | Killed Soeti's ghost
  3150 | D:3      | Reached XP level 7. HP: 25/40 MP: 8/8
  4155 | D:4      | Found an ornate altar of the Wu Jian Council.
  4316 | D:4      | Found a glowing silver altar of Zin.
  4324 | D:4      | Found a runed door.
  4324 | D:4      | Noticed an angel
  4331 | D:4      | Reached XP level 8. HP: 43/44 MP: 9/9
  4371 | D:4      | Reached skill level 5 in Stealth
  4379 | D:4      | Found a deep blue altar of Sif Muna.
  4387 | D:4      | Found a radiant altar of Vehumet.
  4394 | D:4      | Found a bloodstained altar of Trog.
  4404 | D:4      | Got a polished shield
  4530 | D:4      | Identified the +0 shield of Resilience {rF- rC- Regen+ Slay+4} (You found it on level 4 of the Dungeon)
  4740 | D:5      | Entered Level 5 of the Dungeon
  4788 | D:5      | Found Dapiev's Book Shoppe.
  4822 | D:5      | Found a snail-covered altar of Cheibriados.
  5277 | D:5      | Found Ryitofe's Food Emporium.
  5492 | D:5      | Reached skill level 5 in Polearms
  5700 | D:6      | Found a staircase to the Ecumenical Temple.
  5707 | D:6      | Noticed Sigmund
  5789 | D:6      | Reached skill level 1 in Evocations
  5789 | D:6      | Reached XP level 9. HP: 22/48 MP: 6/10
  5812 | D:6      | Killed Sigmund
  5812 | D:6      | Reached skill level 5 in Dodging
  5865 | Temple   | Entered the Ecumenical Temple
  6073 | Temple   | Became a worshipper of Warmaster Okawaru
  6120 | D:6      | Noticed Duvessa
  6122 | D:6      | Noticed Dowan
  6127 | D:6      | Killed Duvessa
  6137 | D:6      | Killed Dowan
  6591 | D:6      | Noticed Prince Ribbit
  6591 | D:6      | Noticed Grinder
  6602 | D:6      | Killed Prince Ribbit
  6602 | D:6      | Reached * piety under Okawaru
  6617 | D:6      | Killed Grinder
  6844 | D:6      | Noticed Edmund
  6931 | D:6      | Killed Edmund
  7196 | D:7      | Found Jattidun's Book Emporium.
  7214 | D:7      | Reached skill level 1 in Invocations
  7243 | D:7      | Found a blossoming altar of Fedhas.
  7704 | D:7      | Reached ** piety under Okawaru
  7704 | D:7      | Reached XP level 10. HP: 24/53 MP: 12/14
  7914 | D:7      | Found a sand-covered staircase.
  8291 | D:7      | Reached *** piety under Okawaru
  8510 | D:8      | Found a shadowy altar of Dithmenos.
  8543 | D:8      | Reached skill level 5 in Evocations
  8587 | D:8      | Found a stormy altar of Qazlal.
  8593 | D:8      | Found a basalt altar of Yredelemnul.
  8957 | D:8      | Killed from afar by an orc priest

Vault maps used:
D:1:      arrival_zaba_pyramid, serial_forest, infiniplex_forest_clump_diagonal,
          infiniplex_forest_corner_2, infiniplex_forest_zigzag_1,
          infiniplex_forest_lined_corner, infiniplex_forest_clump_cross,
          st_stairs_11, minmay_misc_feat_hallway
D:2:      lemuel_round_altar, xom_teletrap_fun, lemuel_tele_altar, uniq_robin
D:3:      nicolae_overflow_hidden_temple, roderic_batcave,
          minmay_misc_feat_pillars
D:4:      minmay_overflow_temple_star_quad, lemuel_doored_altar, first_bread,
          st_stairs_12, lemuel_angel_altar
D:5:      slow_altar_1, serial_shops, nicolae_shop_crystal, shop
D:6:      minmay_temple_entry_butterflies, uniq_sigmund, uniq_prince_ribbit1,
          uniq_duvessa, uniq_edmund, uniq_grinder
D:7:      fedhas_altar_decomposition, enter_ossuary_1, serial_shops,
          kennysheep_little_box, grunt_livestock
D:8:      nicolae_dithmenos_the_darkroom, grunt_qazlal_sundering,
          kennysheep_mini, special_room
Temple:   dpeg_chambers_temple

Skill      XL: |  1  2  3  4  5  6  7  8  9 10 |
---------------+-------------------------------+-----
Stealth        | 2 3 4 6 7 8 |  8.5
Dodging        | 3 4 6 |  6.0
Armour         | 1 2 3 4 |  4.1
Polearms       | 1 2 3 5 |  5.1
Throwing       | 5 6 8 |  8.8
Evocations     | 1 4 5 |  5.3
Invocations    | 2 3 |  3.5
Fighting       | |  2.0

Action                   |  1- 3 |  4- 6 |  7- 9 | 10-12 || total
-------------------------+-------+-------+-------+-------++-------
Melee: Short sword       |    81 |    77 |       |       ||   158
       Kick              |    24 |    45 |   111 |    84 ||   264
       Peck              |    14 |    38 |    74 |    47 ||   173
       Spear             |       |   126 |   382 |   211 ||   719
Throw: Javelin           |       |    14 |    25 |     2 ||    41
       Throwing net      |       |       |     3 |       ||     3
 Abil: Fly               |       |     1 |     6 |     1 ||     8
  Use: Potion            |       |     4 |     1 |     3 ||     8
       Scroll            |       |     7 |    11 |     1 ||    19
 Stab: Sleeping          |     6 |     2 |    10 |     1 ||    19
       Invisible         |       |     1 |       |       ||     1
       Distracted        |       |     1 |       |       ||     1
       Held in net/web   |       |       |     1 |       ||     1
  Eat: Chunk             |     1 |     6 |     5 |    11 ||    23
       Fruit             |       |       |     4 |       ||     4
       Royal jelly       |       |       |     1 |       ||     1
       Meat ration       |       |       |     1 |     1 ||     2
Armor: Leather armour    |    20 |    29 |       |       ||    49
       Skin              |       |    16 |       |     2 ||    18
       Ring mail         |       |    47 |    95 |    29 ||   171
Dodge: Dodged            |    57 |   176 |   199 |   102 ||   534

Table legend:
 A = Spawn XP
 B = Non-spawn XP
 C = Spawn XP percentage of total XP
 D = Spawn monster count
 E = Non-spawn monster count
 F = Spawn count percentage of total count
 G = Total turns spent on level
                    A         B        C        D         E        F      G
               +---------+---------+-------+---------+---------+-------+---------
         Total |       0 |    7182 |   0.0 |       0 |     253 |   0.0 |  8957
               +---------+---------+-------+---------+---------+-------+---------
           D:1 |       0 |      37 |   0.0 |       0 |      18 |   0.0 |   713
           D:2 |       0 |     197 |   0.0 |       0 |      45 |   0.0 |  1776
           D:3 |       0 |     457 |   0.0 |       0 |      49 |   0.0 |  1251
           D:4 |       0 |     709 |   0.0 |       0 |      30 |   0.0 |  1000
           D:5 |       0 |     736 |   0.0 |       0 |      34 |   0.0 |   913
           D:6 |       0 |    1892 |   0.0 |       0 |      25 |   0.0 |  1302
           D:7 |       0 |    2108 |   0.0 |       0 |      29 |   0.0 |  1295
           D:8 |       0 |    1046 |   0.0 |       0 |      23 |   0.0 |   490
               +---------+---------+-------+---------+---------+-------+---------
